[Event "*** Titled Tuesday Blitz"]
[Site "Chess.com"]
[Date "2020.10.27"]
[Round "1"]
[White "ferdipy"]
[Black "AndrewMaco"]
[Result "1/2-1/2"]
[WhiteElo "2319"]
[BlackElo "2650"]
[TimeControl "180+1"]
[EndTime "10:10:23 PDT"]
[Termination "Game drawn - insufficient material"]

1. e4 c6 2. d4 d5 3. exd5 cxd5 4. Bd3 Nc6 5. c3 Nf6 6. Bf4 Bg4 7. Qb3 Qd7 8. Nd2 e6 9. Ngf3 Bxf3 10. Nxf3 Bd6 11. Bxd6 Qxd6 12. O-O O-O 13. Rfe1 Qc7 14. Ne5 Nxe5 15.
dxe5 Ng4 16. Qb4 Nxe5 17. Qf4 f6 18. Bc2 Rac8 19. Qh4 g6 20. f4 Qb6+ 21. Qf2 Qxf2+ 22. Kxf2 Nc4 23. Rxe6 Nxb2 24. Rb1 Nc4 25. Rxb7 Rf7 26. Rxf7 Kxf7 27. f5 Nb6 28. g4 Rxc3 29. Bb3 gxf5 30.
gxf5 Rh3 31. Kg2 Rh5 32. Bc2 Rh4 33. Kg3 Rd4 34. Re3 h5 35. Ra3 h4+ 36. Kf3 Nc4 37. Rxa7+ Kf8 38. Bb3 Ne5+ 39. Ke2 Re4+ 40. Kd1 Rf4 41.
Rh7 Kg8 42. Rh5 Kg7 43. Kc2 d4 44. a4 Rf2+ 45. Kd1 Nf3 46. Bd5 Ne5 47. Rxh4 d3 48. a5 Rf1+ 49. Kd2 Ra1 50. Be4 Ra2+ 51. Ke3 d2 52.
Ke2 Nc4 53. Bd3 Nxa5 54. Rg4+ Kf7 55. Kd1 Ke7 56. Rg2 Nc6 57. Rxd2 Ra1+ 58. Ke2 Ne5 59. Be4 Ra3 60. Rc2 Rh3 61. Rc7+ Kd6 62. Rc8 Rxh2+ 63. Ke3 Rh3+ 64. Kf4 Rh4+ 65. Ke3 Ke7 66. Rc7+ Kf8 67. Rc8+ Kg7 68. Rc7+ Kh6 69. Rc8 Kg5 70. Kd4 Rh2 71. Rg8+ Kh4 72. Rh8+ Kg3 73. Rxh2 Kxh2 74. Kd5 Kg3 75.
Ke6 Ng4 76. Bb1 Kf4 77. Bc2 Kg5 78. Bd1 Ne5 79. Bc2 Nc4 80. Bb3 Ne3 81. Ba2 Nxf5 82. Bb1 Ne3 83. Kd6 Kf4 84. Kc5 Ke5 85. Kb4 Kd4 86.
Kb3 Nd5 87. Bh7 Ne7 88. Kc2 Ke3 89. Kd1 Kf4 90. Ke1 Kg5 91. Kf1 Ng6 92. Bg8 f5 93. Bd5 f4 94. Ba8 Ne5 95. Kf2 Kh4 96. Bb7 Kg4 97.
Ba8 Nd3+ 98. Kf1 Kg3 99. Bb7 Ne5 100. Ba8 Nf3 101. Bb7 Nh2+ 102. Kg1 Ng4 103. Kf1 Ne3+ 104. Kg1 Nc4 105. Kf1 Nd6 106. Bd5 Nf5 107. Ba8 Ne7 108. Kg1 Nc8 109. Kf1 Nb6 110. Bc6 Nc4 111. Ba8 Ne5 112. Bd5 Ng4 113. Ba8 Ne3+ 114. Kg1 f3 115. Bxf3 1/2-1/2

[Event "*** Titled Tuesday Blitz"]
[Site "Chess.com"]
[Date "2020.10.27"]
[Round "2"]
[White "GM_Levan_Pantsulaia"]
[Black "IMDT02"]
[Result "1-0"]
[WhiteElo "2864"]
[BlackElo "2572"]
[TimeControl "180+1"]
[EndTime "10:12:17 PDT"]
[Termination "GM_Levan_Pantsulaia won by resignation"]

1. Nf3 Nf6 2. g3 c5 3. Bg2 Nc6 4. O-O g6 5. c4 Bg7 6. Nc3 O-O 7.
d4 cxd4 8. Nxd4 Nxd4 9. Qxd4 d6 10. b3 Ne4 11. Qxe4 Bxc3 12. Bh6 Bg7 13. Bxg7 Kxg7 14.
Rfd1 Qb6 15. Qxe7 1-0

[Event "*** Titled Tuesday Blitz"]
[Site "Chess.com"]
[Date "2020.10.27"]
[Round "2"]
[White "Nemsko"]
[Black "Witik"]
[Result "0-1"]
[WhiteElo "2349"]
[BlackElo "2696"]
[TimeControl "180+1"]
[EndTime "10:13:13 PDT"]
[Termination "Witik won by resignation"]

1. e4 c5 2. Nf3 Nc6 3. d4 cxd4 4. Nxd4 g6 5. c4 Nf6 6. Nc3 d6 7. f3 Nxd4 8. Qxd4 Bg7 9. Qd1 O-O 10. Be3 Be6 11. Rc1 Qa5 12. Be2 Rfc8 13. O-O Bxc4 14.
Bxc4 Rxc4 15. Nd5 Nxd5 16. exd5 Qxa2 17. b3 Rxc1 18. Qxc1 Qxb3 0-1

[Event "*** Titled Tuesday Blitz"]
[Site "Chess.com"]
[Date "2020.10.27"]
[Round "2"]
[White "reniite"]
[Black "ChessWarrior7197"]
[Result "0-1"]
[WhiteElo "1931"]
[BlackElo "2974"]
[TimeControl "180+1"]
[EndTime "10:13:19 PDT"]
[Termination "ChessWarrior7197 won by resignation"]

1. e4 c6 2. d4 d5 3. Nc3 dxe4 4. Nxe4 Nf6 5. Nxf6+ exf6 6. c3 Bd6 7. Qc2 O-O 8. Bd3 Re8+ 9. Ne2 h5 10. O-O Nd7 11. h3 Nf8 12. Nf4 h4 13. Bd2 Bc7 14. Rae1 Rxe1 15. Rxe1 Qd6 16. Bf5 g5 17. Ne2 Qh2+ 18. Kf1 Qh1+ 19. Ng1 Bh2 20. Ke2 Bxg1 21. Bxc8 Rxc8 22.
Qf5 Re8+ 23. Kd1 Rxe1+ 24. Bxe1 Qxg2 25. Qxf6 Ne6 0-1

[Event "*** Titled Tuesday Blitz"]
[Site "Chess.com"]
[Date "2020.10.27"]
[Round "2"]
[White "coco_crc"]
[Black "witcher8"]
[Result "0-1"]
[WhiteElo "2179"]
[BlackElo "2437"]
[TimeControl "180+1"]
[EndTime "10:13:49 PDT"]
[Termination "witcher8 won by checkmate"]

1. e4 c6 2. Nf3 d5 3. Nc3 Bg4 4. h3 Bh5 5. exd5 cxd5 6. g4 Bg6 7. Bb5+ Nc6 8. Ne5 Rc8 9. h4 f6 10. Nxg6 hxg6 11. d4 e6 12. Qd3 Kf7 13. h5 gxh5 14. gxh5 Nge7 15. Bf4 Qa5 16. O-O-O Nb4 17. Qe2 Rxc3 18.
bxc3 Nxa2+ 19. Kb2 Nxc3 20. Qd2 Qb4+ 21. Ka1 Qa3# 0-1

[Event "*** Titled Tuesday Blitz"]
[Site "Chess.com"]
[Date "2020.10.27"]
[Round "2"]
[White "garicradomir"]
[Black "Lion-Al-Messi"]
[Result "1-0"]
[WhiteElo "2315"]
[BlackElo "2513"]
[TimeControl "180+1"]
[EndTime "10:13:52 PDT"]
[Termination "garicradomir won by checkmate"]

1. e4 e6 2. d4 d5 3. Nc3 Nf6 4. Bg5 dxe4 5. Nxe4 Be7 6. Bxf6 gxf6 7. Nf3 f5 8. Nc3 a6 9. g3 b5 10. Bg2 Bb7 11. O-O b4 12. Ne2 O-O 13. Nf4 Nd7 14.
Re1 Nf6 15. Ne5 Bxg2 16. Kxg2 Nd5 17. Nh5 f6 18. Nc6 Qd6 19. Nxe7+ Nxe7 20. Qe2 Kf7 21. Rad1 Ng6 22. c4 Rae8 23. Rd3 Rg8 24. Re3 e5 25. c5 Qxd4 26. Qxa6 Qxc5 27. Qxf6# 1-0

[Event "*** Titled Tuesday Blitz"]
[Site "Chess.com"]
[Date "2020.10.27"]
[Round "2"]
[White "Danny_Billiards"]
[Black "GigaQuparadze"]
[Result "0-1"]
[WhiteElo "2542"]
[BlackElo "2834"]
[TimeControl "180+1"]
[EndTime "10:14:02 PDT"]
[Termination "GigaQuparadze won by resignation"]

1. d4 Nf6 2. c4 e6 3. Nc3 Bb4 4.
Qc2 Nc6 5. e3 O-O 6. Bd2 Re8 7.
a3 Bf8 8. Nf3 b6 9. Bd3 Bb7 10.
O-O d6 11. Rad1 Ne7 12. e4 Ng6 13. d5 e5 14. b4 Nf4 15. Be3 Bc8 16. c5 Bg4 17.
Be2 N6h5 18. cxd6 cxd6 19. Nb5 Rc8 20. Qd2 Qd7 21. a4 a6 22. Nc3 Rxc3 0-1

[Event "*** Titled Tuesday Blitz"]
[Site "Chess.com"]
[Date "2020.10.27"]
[Round "2"]
[White "dennisodessa"]
[Black "silverback96"]
[Result "0-1"]
[WhiteElo "2429"]
[BlackElo "2227"]
[TimeControl "180+1"]
[EndTime "10:14:09 PDT"]
[Termination "silverback96 won by resignation"]

1. b3 Nf6 2. Bb2 g6 3. c4 Bg7 4.
g3 d5 5. cxd5 O-O 6. Bg2 Bf5 7.
Nc3 c6 8. dxc6 Nxc6 9. Nf3 Ne4 10. O-O Qd7 11. Nh4 Nxd2 12. Nxf5 gxf5 13. Re1 Rfd8 14.
Rb1 Qe6 15. Nd5 Ne4 16. Bxg7 Rxd5 0-1

[Event "*** Titled Tuesday Blitz"]
[Site "Chess.com"]
[Date "2020.10.27"]
[Round "2"]
[White "TimofeevAr"]
[Black "Thee-Chessboy"]
[Result "1-0"]
[WhiteElo "2776"]
[BlackElo "2513"]
[TimeControl "180+1"]
[EndTime "10:14:15 PDT"]
[Termination "TimofeevAr won by resignation"]

1. c4 Nf6 2. Nc3 g6 3. g3 Bg7 4. Bg2 O-O 5. e3 d6 6. Nge2 Nbd7 7. O-O c6 8. b3 e5 9. d3 Re8 10. Ba3 Qc7 11. Rc1 a5 12. h3 Bf8 13. Qd2 Nc5 14. Bb2 Bf5 15. e4 Bc8 16. f4 Bh6 17. Rcd1 Nh5 18. Qe1 Ne6 19. Bc1 Qb6+ 20. Kh1 Nd4 21.
Nxd4 exd4 22. Na4 1-0

[Event "*** Titled Tuesday Blitz"]
[Site "Chess.com"]
[Date "2020.10.27"]
[Round "2"]
[White "Th3_Hound"]
[Black "Kobalia"]
[Result "0-1"]
[WhiteElo "2504"]
[BlackElo "2758"]
[TimeControl "180+1"]
[EndTime "10:14:19 PDT"]
[Termination "Kobalia won by resignation"]

1. e4 c5 2. Nf3 e6 3. d4 cxd4 4. Nxd4 Nc6 5. Nc3 a6 6. Be3 Nf6 7. Bd3 Qc7 8. O-O Bd6 9. h3 Bf4 10. Qe2 Bxe3 11. Qxe3 Qb6 12. Nxc6 Qxe3 13. fxe3 dxc6 14.
e5 Nd7 15. Ne4 Nxe5 16. Nd6+ Ke7 17. Nxc8+ Raxc8 18. Be2 Rcd8 19. Rad1 Rd5 20. Rxd5 cxd5 21.
Rf4 Rc8 22. Rb4 b5 23. c3 Nc6 24. Rb3 Rb8 25. Kf2 Kd6 26. Ra3 a5 27. b4 a4 0-1

[Event "*** Titled Tuesday Blitz"]
[Site "Chess.com"]
[Date "2020.10.27"]
[Round "2"]
[White "boasovietica"]
[Black "YoungUzbek"]
[Result "0-1"]
[WhiteElo "2498"]
[BlackElo "2751"]
[TimeControl "180+1"]
[EndTime "10:14:34 PDT"]
[Termination "YoungUzbek won by resignation"]

1. e4 c5 2. Nf3 Nf6 3. Nc3 d5 4. exd5 Nxd5 5. Bb5+ Bd7 6. Ne5 Bxb5 7. Qf3 f6 8. Qh5+ g6 9. Nxg6 hxg6 10. Qxh8 Nxc3 11.
dxc3 Qd5 12. Be3 Nd7 13. f3 Qc4 14. O-O-O Qxa2 15. Qh7 O-O-O 0-1

[Event "*** Titled Tuesday Blitz"]
[Site "Chess.com"]
[Date "2020.10.27"]
[Round "2"]
[White "ChronicUnhappiness"]
[Black "Gabix_94"]
[Result "0-1"]
[WhiteElo "2363"]
[BlackElo "2790"]
[TimeControl "180+1"]
[EndTime "10:14:38 PDT"]
[Termination "Gabix_94 won by resignation"]

1. c4 Nf6 2. Nf3 g6 3. g3 Bg7 4. Bg2 O-O 5. O-O d6 6. Nc3 Nbd7 7. b3 e5 8. Bb2 Re8 9. d4 e4 10. Ng5 e3 11. f4 Ng4 12. Qc2 Bxd4 13. Nd5 Bxb2 14.
Qxb2 c6 15. Nc3 Qe7 16. Rad1 h6 17. Nh3 Ndf6 18. Rd4 Bf5 19. Rfd1 Rad8 20. Qa3 Nf2 21. Nxf2 exf2+ 22. Kh1 Qe3 23. Rxd6 Rxd6 24. Qxd6 Qxc3 0-1

[Event "*** Titled Tuesday Blitz"]
[Site "Chess.com"]
[Date "2020.10.27"]
[Round "2"]
[White "geordie_derraugh"]
[Black "WonderChampion"]
[Result "1-0"]
[WhiteElo "2408"]
[BlackElo "2039"]
[TimeControl "180+1"]
[EndTime "10:14:38 PDT"]
[Termination "geordie_derraugh won by checkmate"]

1. e4 c5 2. Nf3 g6 3. c3 Nf6 4. e5 Nd5 5. d4 cxd4 6. cxd4 Bg7 7. Bc4 Nb6 8. Bb3 O-O 9. O-O Nc6 10. Nc3 d6 11. exd6 Qxd6 12. Be3 Bg4 13. Ne4 Qd8 14. Neg5 h6 15. Nxf7 Rxf7 16. Bxf7+ Kxf7 17. Ng5+ hxg5 18. Qxg4 Qd5 19. f4 Kg8 20. fxg5 Bxd4 21. Rae1 Bxe3+ 22.
Rxe3 Qc5 23. Qe6+ Kg7 24. Rf7+ Kh8 25. Qh3+ Kg8 26. Qh7# 1-0

[Event "*** Titled Tuesday Blitz"]
[Site "Chess.com"]
[Date "2020.10.27"]
[Round "2"]
[White "Evachess2006"]
[Black "Vanina1989"]
[Result "0-1"]
[WhiteElo "1622"]
[BlackElo "2641"]
[TimeControl "180+1"]
[EndTime "10:14:46 PDT"]
[Termination "Vanina1989 won by resignation"]

1. e4 c6 2. d4 d5 3. exd5 cxd5 4. Bd3 Nc6 5. c3 g6 6. Nf3 Bg7 7. O-O Bf5 8. Bxf5 gxf5 9. Qb3 Qd7 10. Bf4 e6 11.
Nbd2 Nge7 12. Ne5 Bxe5 13. Bxe5 Rg8 14. Bg3 Ng6 15. f3 f4 16. Bf2 Nce7 17. c4 Rd8 18. c5 Nf5 19. Qc3 Qe7 20. Nb3 Qg5 21. Na5 Ngh4 22. Bg3 fxg3 23. f4 gxh2+ 0-1

[Event "*** Titled Tuesday Blitz"]
[Site "Chess.com"]
[Date "2020.10.27"]
[Round "2"]
[White "Karateloru"]
[Black "Deepweb2020"]
[Result "1-0"]
[WhiteElo "2666"]
[BlackElo "2234"]
[TimeControl "180+1"]
[EndTime "10:14:58 PDT"]
[Termination "Karateloru won by checkmate"]

1. e4 Nf6 2. e5 Nd5 3. d4 Nb6 4. Nf3 d5 5. b3 Bf5 6. a4 a5 7. Bd3 Bg6 8. e6 Bh5 9. exf7+ Bxf7 10. Ne5 g6 11. Qf3 Be6 12. Qg3 Bg7 13. Bxg6+ Kf8 14. Qf3+ Bf6 15. Bh6+ Kg8 16. Bf5 Bxf5 17. Qxf5 Qc8 18.
Qf3 Bxe5 19. dxe5 Qe6 20. Qf8# 1-0

[Event "*** Titled Tuesday Blitz"]
[Site "Chess.com"]
[Date "2020.10.27"]
[Round "2"]
[White "Quiet_Desperation"]
[Black "Qvalda"]
[Result "0-1"]
[WhiteElo "1998"]
[BlackElo "2400"]
[TimeControl "180+1"]
[EndTime "10:15:00 PDT"]
[Termination "Qvalda won by resignation"]

1. e4 g6 2. d4 Bg7 3. Nc3 d6 4.
Nf3 a6 5. a4 b6 6. Bc4 e6 7.
O-O Bb7 8. h3 Ne7 9. Bg5 Nd7 10.
Qd2 h6 11. Bf4 g5 12. Bh2 Ng6 13. d5 Bxc3 14. Qxc3 e5 15. b4 Nf6 16. Kh1 Nxe4 17.
Qe1 Nf6 18. Rd1 O-O 19. Nd2 Nxd5 20. Ne4 Ndf4 21. Bxf4 Nxf4 22. Qe3 Kg7 23. Bb3 f5 24. Ng3 0-1

[Event "*** Titled Tuesday Blitz"]
[Site "Chess.com"]
[Date "2020.10.27"]
[Round "2"]
[White "m-garcett"]
[Black "dawtonlms"]
[Result "1-0"]
[WhiteElo "2059"]
[BlackElo "2392"]
[TimeControl "180+1"]
[EndTime "10:15:03 PDT"]
[Termination "m-garcett won by checkmate"]

1. e4 c5 2. Nf3 e6 3. d4 cxd4 4.
Nxd4 a6 5. Bd3 Nf6 6. Qe2 d6 7. O-O Qc7 8. c4 g6 9. f4 Bg7 10. Be3 O-O 11. Nc3 Nbd7 12. b4 b6 13. Rac1 Bb7 14. g4 e5 15. Nd5 Nxd5 16. cxd5 Qd8 17.
Nc6 Qh4 18. f5 Nf6 19. g5 Nxe4 20. f6 Bh8 21. Ne7# 1-0

[Event "*** Titled Tuesday Blitz"]
[Site "Chess.com"]
[Date "2020.10.27"]
[Round "2"]
[White "Shield12"]
[Black "xberli"]
[Result "1-0"]
[WhiteElo "2834"]
[BlackElo "2545"]
[TimeControl "180+1"]
[EndTime "10:15:07 PDT"]
[Termination "Shield12 won by resignation"]

1. b3 Nf6 2. Bb2 g6 3. g3 Bg7 4.
Bg2 O-O 5. Nf3 d5 6. c4 a5 7. cxd5 Qxd5 8. Nc3 Qh5 9. h3 Nc6 10. g4 Qc5 11. Rc1 Qd6 12. Nb5 Qd8 13. O-O Be6 14.
Ng5 Bd7 15. d4 e6 16. a3 Re8 17. e3 Rc8 18. Qe2 h6 19. Nf3 Ne7 20. Ne5 c6 21. Nd6 Rb8 22. Nexf7 1-0

[Event "*** Titled Tuesday Blitz"]
[Site "Chess.com"]
[Date "2020.10.27"]
[Round "2"]
[White "Onischuk_V"]
[Black "PLAYER_2006_M"]
[Result "1-0"]
[WhiteElo "2781"]
[BlackElo "2515"]
[TimeControl "180+1"]
[EndTime "10:15:10 PDT"]
[Termination "Onischuk_V won by resignation"]

1. e4 e5 2. Nf3 Nc6 3. Bc4 Bc5 4. d3 Nf6 5. O-O O-O 6. Nbd2 a6 7. Bb3 d6 8. c3 Ba7 9. h3 Ne7 10. Re1 Ng6 11. Nf1 Nh5 12. d4 Nhf4 13. Ng3 h6 14.
Bc2 Qf6 15. Nf5 Be6 16. g3 Nh5 17. Nh2 Nhf4 18. gxf4 Nxf4 19. Bxf4 exf4 20. Qf3 Qg5+ 21. Kh1 Bxf5 22. exf5 h5 23. Rg1 Qh4 24. Rg2 Kh8 25.
Rag1 Rg8 26. Rg5 1-0

[Event "*** Titled Tuesday Blitz"]
[Site "Chess.com"]
[Date "2020.10.27"]
[Round "2"]
[White "Fy_Rakotomaharo"]
[Black "kinga2008"]
[Result "1-0"]
[WhiteElo "2649"]
[BlackElo "2125"]
[TimeControl "180+1"]
[EndTime "10:15:11 PDT"]
[Termination "Fy_Rakotomaharo won by resignation"]

1. e4 c5 2. Nf3 Nc6 3. Bb5 g6 4. O-O Bg7 5. c3 e6 6. d4 cxd4 7.
cxd4 d5 8. Bxc6+ bxc6 9. e5 Ne7 10. b3 O-O 11. Nc3 Ba6 12. Re1 Nf5 13. Na4 Bb5 14.
Nc5 Re8 15. a4 f6 16. axb5 fxe5 17. Nxe5 cxb5 18. Ra6 Rc8 19. Nxe6 Qf6 20. Nc7 Qh4 21. Nxe8 Rxe8 22. Nf3 Rxe1+ 23. Qxe1 Qe4 24. Qxe4 dxe4 25. Ng5 Nxd4 26. Be3 Nc2 27. Nxe4 Nxe3 1-0

[Event "*** Titled Tuesday Blitz"]
[Site "Chess.com"]
[Date "2020.10.27"]
[Round "2"]
[White "Mostii"]
[Black "oogee"]
[Result "1-0"]
[WhiteElo "2447"]
[BlackElo "2208"]
[TimeControl "180+1"]
[EndTime "10:15:17 PDT"]
[Termination "Mostii won by checkmate"]

1. d4 Nf6 2. Nf3 g6 3. g3 Bg7 4. Bg2 O-O 5. O-O d6 6. b3 c6 7. Bb2 Qa5 8. Nbd2 Bf5 9. c4 Ne4 10. a3 Nd7 11. b4 Qc7 12. Rc1 h6 13. Nh4 Nxd2 14. Qxd2 e5 15. e4 Bg4 16. f3 g5 17.
fxg4 gxh4 18. gxh4 exd4 19. g5 hxg5 20. Qxg5 c5 21. h5 Kh8 22. e5 f6 23. exf6 Rxf6 24.
Rxf6 Bxf6 25. Qh6+ Kg8 26. Bd5# 1-0

[Event "*** Titled Tuesday Blitz"]
[Site "Chess.com"]
[Date "2020.10.27"]
[Round "2"]
[White "KarstenHansch"]
[Black "Colombiano07"]
[Result "0-1"]
[WhiteElo "2469"]
[BlackElo "2285"]
[TimeControl "180+1"]
[EndTime "10:15:18 PDT"]
[Termination "Colombiano07 won by resignation"]

1. e4 e6 2. d4 d5 3. exd5 exd5 4. Nf3 Nc6 5. Bb5 Bd7 6. O-O Bd6 7. c4 dxc4 8. Bxc4 Nge7 9. Ng5 O-O 10. Qh5 Bf5 11. Nxf7 Rxf7 12. Bxf7+ Kh8 13. Nc3 Nxd4 14. Be3 c5 15.
Rad1 Qd7 16. h3 Rf8 17. Bc4 a6 18. a4 Bc2 19. Rd2 Rf5 20. Qh4 Ng6 21. Qg4 Ne5 22. Qh4 Nef3+ 23. gxf3 Nxf3+ 24. Kh1 Nxh4 25. Rxc2 Rf3 0-1

[Event "*** Titled Tuesday Blitz"]
[Site "Chess.com"]
[Date "2020.10.27"]
[Round "2"]
[White "Oneofmyturns"]
[Black "Caterpiller35"]
[Result "1-0"]
[WhiteElo "2732"]
[BlackElo "2466"]
[TimeControl "180+1"]
[EndTime "10:15:29 PDT"]
[Termination "Oneofmyturns won by resignation"]

1. d4 Nf6 2. c4 e6 3. Nc3 Bb4 4. Qc2 O-O 5. e4 d5 6. e5 Ne4 7.
Bd3 c5 8. Nf3 Nd7 9. O-O cxd4 10. Nxe4 dxe4 11. Bxe4 h6 12. a3 Be7 13. Bf4 Nc5 14.
Rfd1 Qc7 15. Bh7+ Kh8 16. b4 Na4 17. Nxd4 Bd7 18. Be4 Rac8 19. Rac1 a5 20. c5 Rfd8 21. c6 Bxc6 22. Nxc6 Rxd1+ 23. Rxd1 1-0

[Event "*** Titled Tuesday Blitz"]
[Site "Chess.com"]
[Date "2020.10.27"]
[Round "2"]
[White "Guenplen"]
[Black "AsaHoffmann"]
[Result "1-0"]
[WhiteElo "2836"]
[BlackElo "2365"]
[TimeControl "180+1"]
[EndTime "10:15:29 PDT"]
[Termination "Guenplen won by resignation"]

1. d4 Nf6 2. Bf4 d6 3. Nc3 b6 4. e4 Bb7 5. f3 Nbd7 6. Qd2 e5 7.
Be3 Be7 8. d5 a5 9. g4 Nc5 10.
Bb5+ Nfd7 11. O-O-O h6 12. h4 Ba6 13. Bc6 Bb7 14. Nge2 Bxc6 15. dxc6 Nf8 16. Ng3 g6 17.
h5 Bh4 18. hxg6 fxg6 19. Nge2 g5 20. Bxc5 bxc5 21. Nb5 Ne6 22. Nec3 Nf4 23. Nd5 Nxd5 24. Qxd5 Qe7 25. a4 Kf8 26. Rd3 Kg7 27. Rb3 Rhf8 28.
Nxc7 1-0

[Event "*** Titled Tuesday Blitz"]
[Site "Chess.com"]
[Date "2020.10.27"]
[Round "2"]
[White "Margarita2907"]
[Black "Oligan22"]
[Result "1-0"]
[WhiteElo "2192"]
[BlackElo "2417"]
[TimeControl "180+1"]
[EndTime "10:15:29 PDT"]
[Termination "Margarita2907 won by resignation"]

1. e4 e5 2. Nf3 d6 3. d4 exd4 4. Nxd4 Nf6 5. Nc3 Be7 6. Bc4 O-O 7. O-O Nbd7 8. h3 Ne5 9. Bb3 a6 10. a4 c5 11. Nf3 Nxf3+ 12. Qxf3 Be6 13. Bd5 Bxd5 14.
Nxd5 Nxd5 15. exd5 Bf6 16. c3 b5 17. axb5 axb5 18. Bf4 Rxa1 19. Rxa1 Qe7 20. Qg3 Be5 21. Bxe5 dxe5 22. Qe3 Rd8 23. Rd1 f6 24. b3 c4 25.
bxc4 bxc4 26. Qb6 Qd6 27. Qb5 Rc8 28. Ra1 Kf7 29. Ra7+ Rc7 30. Qb8 Rxa7 31. Qxd6 Ra1+ 32. Kh2 Rc1 33. Qb4 Rd1 34. Qxc4 Ke7 35. Qc7+ 1-0

[Event "*** Titled Tuesday Blitz"]
[Site "Chess.com"]
[Date "2020.10.27"]
[Round "2"]
[White "Angel_Hranitel_37"]
[Black "szefru"]
[Result "1-0"]
[WhiteElo "2461"]
[BlackElo "2238"]
[TimeControl "180+1"]
[EndTime "10:15:30 PDT"]
[Termination "Angel_Hranitel_37 won by resignation"]

1. d4 Nf6 2. Nf3 g6 3. g3 Bg7 4.
Bg2 d5 5. O-O O-O 6. c4 c6 7.
Qb3 dxc4 8. Qxc4 Be6 9. Qc2 Na6 10. Bf4 Bf5 11. Qc1 Nd5 12. Bh6 Rc8 13. Bxg7 Kxg7 14. Re1 c5 15. e4 cxd4 16. Qd2 Ndb4 17. exf5 Nc2 18. Na3 Nxa1 19. Rxa1 f6 20. Qxd4 Qc7 21. Ng5 1-0

[Event "*** Titled Tuesday Blitz"]
[Site "Chess.com"]
[Date "2020.10.27"]
[Round "2"]
[White "Kavyev_Ruslan"]
[Black "Mimsychess"]
[Result "1-0"]
[WhiteElo "2582"]
[BlackElo "2318"]
[TimeControl "180+1"]
[EndTime "10:15:33 PDT"]
[Termination "Kavyev_Ruslan won by resignation"]

1. d4 Nf6 2. c4 e6 3. Nf3 b6 4. g3 Ba6 5. Qb3 Nc6 6. Nbd2 Na5 7. Qc2 c5 8. dxc5 bxc5 9. Bg2 Bb7 10. O-O Be7 11. e4 d6 12. b3 O-O 13. Bb2 Nc6 14.
e5 Nxe5 15. Nxe5 Bxg2 16. Kxg2 dxe5 17. Bxe5 Ng4 18. Bb2 Bf6 19. Bxf6 Qxf6 20. Ne4 Qg6 21. Qe2 Rac8 22. Rad1 h5 23. h4 Nf6 24. Ng5 Rfd8 25.
Qe3 Ng4 26. Rxd8+ Rxd8 27. Qxc5 Qc2 28. Qxa7 Qf5 29. Qb6 Ra8 30. Rd1 Qf6 31. a4 Qf5 32. Rd8+ 1-0

[Event "*** Titled Tuesday Blitz"]
[Site "Chess.com"]
[Date "2020.10.27"]
[Round "2"]
[White "GothamChess"]
[Black "amintabatabaei"]
[Result "1-0"]
[WhiteElo "2604"]
[BlackElo "2890"]
[TimeControl "180+1"]
[EndTime "10:15:35 PDT"]
[Termination "GothamChess won by resignation"]

1. e4 c6 2. d4 d5 3. e5 Bf5 4. h4 h5 5. Bg5 Qb6 6. Bd3 Bxd3 7.
Qxd3 Qa6 8. e6 Qxd3 9. exf7+ Kxf7 10. cxd3 Nd7 11. Nf3 e6 12. Nc3 Bd6 13. O-O-O Re8 14. Rde1 Nh6 15. Bxh6 Rxh6 16. Ng5+ Kf8 17. g3 e5 18. Ne2 Kg8 19. dxe5 Nxe5 20. Nf4 Bb4 21. d4 Bxe1 22. Rxe1 Nd3+ 23. Nxd3 Rxe1+ 24. Nxe1 Rf6 25. Nd3 g6 26. Kd2 Kg7 27. Ke3 a5 28. Nc5 b5 29.
f3 a4 30. a3 Rd6 31. Kf4 Kf8 32. Nge6+ Kf7 33. Ke5 Ke7 34. g4 1-0

[Event "*** Titled Tuesday Blitz"]
[Site "Chess.com"]
[Date "2020.10.27"]
[Round "2"]
[White "Abdimalik_Abdisalimov"]
[Black "redbaron8888"]
[Result "1-0"]
[WhiteElo "2750"]
[BlackElo "2497"]
[TimeControl "180+1"]
[EndTime "10:15:35 PDT"]
[Termination "Abdimalik_Abdisalimov won by checkmate"]

1. d4 Nf6 2. c4 e6 3. Nc3 Bb4 4. e3 O-O 5. Bd3 b6 6. Ne2 Bb7 7. a3 Be7 8. e4 d6 9. O-O c5 10. d5 e5 11. Ng3 Nbd7 12. Nf5 Re8 13. f4 Bc8 14. Nb5 exf4 15. Nbxd6 Bxd6 16. Nxd6 Re7 17. Nf5 Re8 18. Bxf4 Nxe4 19. Bh6 g6 20. Ng7 Re7 21.
Bxe4 Rxe4 22. Qf3 Qe7 23. d6 Qe5 24. Qxf7+ Kh8 25. Qf8+ Nxf8 26. Rxf8# 1-0

[Event "*** Titled Tuesday Blitz"]
[Site "Chess.com"]
[Date "2020.10.27"]
[Round "2"]
[White "FontVella8"]
[Black "gagtemp"]
[Result "1-0"]
[WhiteElo "2495"]
[BlackElo "1959"]
[TimeControl "180+1"]
[EndTime "10:15:35 PDT"]
[Termination "FontVella8 won by resignation"]

1. e4 d5 2. exd5 Qxd5 3. Nc3 Qd6 4. d4 Nf6 5. Nf3 a6 6. Be2 e6 7. O-O Be7 8. Ne5 O-O 9. Bf4 Qd8 10. Bf3 Nbd7 11. Re1 c6 12. Qe2 Nb6 13. Rad1 Nbd5 14. Nxd5 cxd5 15. c3 Nd7 16. Nd3 b6 17. Bxd5 exd5 18.
Qxe7 Qxe7 19. Rxe7 Nf6 20. Rde1 Bf5 21. Ne5 Ne4 22.
f3 Nf6 23. g4 Be6 24. Bg5 b5 25. Bxf6 gxf6 26. Nd7 Rfc8 27. Nb6 Re8 28. Rxe8+ Rxe8 29. Nxd5 Kg7 30. Nc7 Re7 31. Nxe6+ fxe6 32. Kf2 Kg6 33. f4 h5 34. h3 h4 35. f5+ Kf7 36. Rxe6 Rxe6 37. fxe6+ Kxe6 38. Ke3 1-0

[Event "*** Titled Tuesday Blitz"]
[Site "Chess.com"]
[Date "2020.10.27"]
[Round "2"]
[White "PaulfromSPb"]
[Black "ajian"]
[Result "1-0"]
[WhiteElo "2660"]
[BlackElo "2346"]
[TimeControl "180+1"]
[EndTime "10:15:36 PDT"]
[Termination "PaulfromSPb won by resignation"]

1. e4 c5 2. Ne2 Nc6 3. g3 g6 4. Bg2 Bg7 5. c3 e5 6. O-O d6 7. f4 Nge7 8. d3 O-O 9. Be3 Be6 10. Nd2 f6 11. Nf3 b6 12. d4 cxd4 13. cxd4 Bc4 14. Rc1 Bxe2 15. Qxe2 f5 16. dxe5 dxe5 17. Rfd1 Qe8 18.
exf5 Nxf5 19. Bf2 Ncd4 20. Qc4+ Kh8 21. Nxe5 Rd8 22. Bxd4 b5 23. Qc5 Qe6 24. Bf2 Rc8 25.
Qd5 Rxc1 26. Rxc1 Qa6 27. Nf7+ 1-0

[Event "*** Titled Tuesday Blitz"]
[Site "Chess.com"]
[Date "2020.10.27"]
[Round "2"]
[White "sopo-tereladze"]
[Black "azikom"]
[Result "0-1"]
[WhiteElo "2325"]
[BlackElo "2608"]
[TimeControl "180+1"]
[EndTime "10:15:36 PDT"]
[Termination "azikom won by resignation"]

1. d4 d5 2. Nf3 Bf5 3. Bf4 e6 4. e3 Nf6 5. Bd3 Bg6 6. O-O Nbd7 7. Nbd2 c6 8. Re1 Be7 9. Ne5 Nxe5 10. Bxe5 O-O 11.
Bxg6 hxg6 12. e4 Rc8 13. c3 c5 14. exd5 Qxd5 15. Bxf6 gxf6 16. Ne4 cxd4 17. cxd4 Rfd8 18. Nc3 Qxd4 19. Qf3 Qb6 20. Rab1 Kg7 21. h3 Rd2 22. Re2 Rxe2 23. Qxe2 Rxc3 0-1

[Event "*** Titled Tuesday Blitz"]
[Site "Chess.com"]
[Date "2020.10.27"]
[Round "2"]
[White "Dedic8"]
[Black "Treacherous_horse64"]
[Result "1-0"]
[WhiteElo "2795"]
[BlackElo "2520"]
[TimeControl "180+1"]
[EndTime "10:15:40 PDT"]
[Termination "Dedic8 won by resignation"]

1. e4 c6 2. d4 d5 3. Nc3 dxe4 4.
Nxe4 Nd7 5. Nf3 Ngf6 6. Nxf6+ Nxf6 7. Bc4 Bf5 8. O-O e6 9. Re1 Be7 10. Bf4 O-O 11. h3 h6 12. c3 Rc8 13. Qe2 Re8 14.
Ne5 c5 15. Rad1 Qb6 16. Bb3 cxd4 17. Rxd4 Bc5 18. Rd2 Ne4 19. Nd7 Qc6 20. Nxc5 Nxd2 21.
Ba4 Qxc5 22. Bxe8 Rxe8 23. Qxd2 Qc6 24. Rd1 Rc8 25. Be3 a6 26. Qd4 Qc4 27. Qxc4 Rxc4 28. Rd8+ Kh7 29. Rd7 b5 30. Rxf7 b4 31. Bd4 Kg8 32. Rxg7+ Kf8 33. Ra7 Rxc3 34. Bxc3 1-0